 Dungeon Crawl Stone Soup version 0.30-a0-123-g91d0c66ccf (webtiles) character file.

Game seed: 3596211018141909453

117 ders the Digger (level 5, -5/28 HPs)
             Began as a Gargoyle Earth Elementalist on Sept 18, 2022.
             Slain by an ice beast (9 damage)
             ... on level 3 of the Dungeon.
             The game lasted 00:01:29 (1469 turns).

ders the Digger (Gargoyle Earth Elementalist)       Turns: 1469, Time: 00:01:30

Health: -5/28      AC:  6    Str: 12    XL:     5   Next: 1%
Magic:  1/9        EV: 11    Int: 17    God:
Gold:   84         SH:  0    Dex: 10    Spells: 6/10 levels left

rFire   . . .      SeeInvis .    (no weapon)
rCold   . . .      Faith    .    (no shield)
rNeg    + . .      Spirit   .    a - +0 robe
rPois   ∞          Reflect  .    (no helmet)
rElec   +          Harm     .    (no cloak)
rCorr   .          Rampage  .    (no gloves)
Will    .....                    (no boots)
Stlth   ++........               (no amulet)
HPRegen 0.09/turn                (no ring)
MPRegen 0.11/turn                (no ring)

@: very slightly contaminated
A: sickness immunity, AC +4, negative energy resistance 1, electricity
resistance, torment resistance 1, petrification resistance
a: no special abilities


You were on level 3 of the Dungeon.
You visited 1 branch of the dungeon, and saw 4 of its levels.

You collected 84 gold pieces.

Inventory:

Armour
 a - a +0 robe (worn)
Jewellery
 e - an amulet of regeneration
 f - an amulet of faith
 k - a +6 ring of strength
Scrolls
 d - 2 scrolls of identify {unknown}
 i - a scroll of poison {unknown}
 j - a scroll of blinking {unknown}
Potions
 b - a potion of magic
 c - 2 potions of heal wounds {unknown}
 g - a potion of mutation {unknown}
 h - 2 potions of haste {unknown}


   Skills:
 - Level 1.5 Dodging
 - Level 2.1 Stealth
 + Level 3.1 Spellcasting
 + Level 2.5 Conjurations
 - Level 0.7 Transmutations
 + Level 4.8 Earth Magic


You had 6 spell levels left.
You knew the following spells:

 Your Spells              Type           Power      Damage    Failure   Level
a - Sandblast             Erth           38%        2d10      2%          1
b - Stone Arrow           Conj/Erth      30%        3d8       11%         3

Your spell library contained the following spells:

 Spells                   Type           Power      Damage    Failure   Level
 Passwall                 Tmut/Erth      10%        N/A       9%          2
 Foxfire                  Conj/Fire      28%        2x1d5     11%         1
 Apportation              Tloc           4%         N/A       17%         1
 Necrotise                Necr           8%         1d4       17%         1
 Summon Small Mammal      Summ           8%         N/A       17%         1
 Petrify                  Tmut/Erth      12%        N/A       50%         4
 Animate Armour           Summ/Erth      20%        N/A       54%         4
 Lehudib's Crystal Spear  Conj/Erth      7%         10d3      100%        8


Dungeon Overview and Level Annotations

Branches:
Dungeon (4/15)
 Temple: D:4-7

Altars:


Innate Abilities, Weirdness & Mutations

You are immune to sickness and miasma.
Your stone body is resilient. (AC +4)
You are immune to poison.
You resist negative energy. (rN+)
You are resistant to electric shocks. (rElec)
You are resistant to unholy torment.
You are immune to petrification.


Message History

Casting: Sandblast (safe; 2% risk of failure)
Confirm with . or Enter, or press ? or * to list all spells.
Aiming: Sandblast (safe; 2% risk of failure)
Press: ? - help, Shift-Dir - straight line, f/p - ice beast
Aim: an ice beast (82% to hit)
The blast of sand hits the ice beast!
The ice beast is moderately wounded.
Unknown command.
Casting: Sandblast (safe; 2% risk of failure)
Confirm with . or Enter, or press ? or * to list all spells.
Aiming: Stone Arrow (quite dangerous; 11% risk of failure)
Press: ? - help, Shift-Dir - straight line, f/p - ice beast
Aim: an ice beast (moderately wounded, 68% to hit)
The stone arrow misses the ice beast.
The ice beast hits you. The ice beast freezes you!
Unknown command.
Casting: Stone Arrow (quite dangerous; 11% risk of failure)
Confirm with . or Enter, or press ? or * to list all spells.
You don't have enough magic to cast this spell.
Casting: Stone Arrow (quite dangerous; 11% risk of failure)
Confirm with . or Enter, or press ? or * to list all spells.
Aiming: Sandblast (safe; 2% risk of failure)
Press: ? - help, Shift-Dir - straight line, f/p - ice beast
Aim: an ice beast (moderately wounded, 82% to hit)
You miscast Sandblast.
You are very lightly contaminated with residual magic.
Nothing appears to happen.
The ice beast misses you.
Casting: Sandblast (safe; 2% risk of failure)
Confirm with . or Enter, or press ? or * to list all spells.
Aiming: Sandblast (safe; 2% risk of failure)
Press: ? - help, Shift-Dir - straight line, f/p - ice beast
Aim: an ice beast (moderately wounded, 82% to hit)
The blast of sand hits the ice beast but does no damage.
The ice beast is moderately wounded.
The ice beast hits you. The ice beast freezes you!
* * * LOW HITPOINT WARNING * * *
The ice beast hits you.
* * * LOW HITPOINT WARNING * * *
The ice beast freezes you!
You die...

#...###..#
#..#
#.#...#..#
#..#
#...#....#
#..#
########.##
#..#
#........#
#..#
#.########
#..# #.#
#.# #@#
#Y.......
.........
.###†#....
.. .. ...
.# .#. ##
#. #.# # #


You could see an ice beast.

Vanquished Creatures
  Blork the orc (D:4)
  Jessica (D:2)
  A worm (D:2)
  3 endoplasms
  3 goblins
  2 hobgoblins
  2 quokkas
  4 ball pythons
  2 bats (D:1)
  A frilled lizard (D:1)
  3 kobolds
  2 rats (D:2)
25 creatures vanquished.

Notes
Turn   | Place    | Note
-------+----------+-------------------------------------------
     0 | D:1      | ders the Gargoyle Earth Elementalist began the quest for
                  | the Orb.
     0 | D:1      | Reached XP level 1. HP: 10/10 MP: 3/3
   453 | D:1      | Reached XP level 2. HP: 15/15 MP: 1/5
   511 | D:1      | Found a faded altar of an unknown god.
   518 | D:1      | Got Plato's Vellum of Conflagration
   708 | D:1      | Reached skill level 1 in Conjurations
   893 | D:2      | Noticed Jessica
   894 | D:2      | Killed Jessica
   895 | D:2      | Reached skill level 4 in Earth Magic
   895 | D:2      | Reached XP level 3. HP: 19/19 MP: 4/6
   933 | D:2      | Learned a level 3 spell: Stone Arrow
  1119 | D:2      | You fall into a shaft and drop 2 floors!
  1123 | D:4      | Noticed Blork the orc
  1126 | D:4      | Noticed a necrophage
  1127 | D:4      | Killed Blork the orc
  1128 | D:4      | Reached XP level 4. HP: 2/24 MP: 1/8
  1408 | D:3      | Reached XP level 5. HP: 28/28 MP: 7/9
  1463 | D:3      | Noticed an ice beast
  1469 | D:3      | Slain by an ice beast

Illustrated notes

Levels and vault maps discovered:
D:1:      evilmike_arrival_fibonacci_small, layout_basic,
          shapermc_ecumenical_altar_rom_forum, chequers_serial_rivers_room_b,
          minmay_misc_feat_enclosed
D:2:      layout_basic, serial_rivers, chequers_serial_rivers_micro_e,
          chequers_serial_rivers_room_a, chequers_serial_rivers_micro_c,
          chequers_serial_rivers_marsh, chequers_serial_rivers_small_3,
          chequers_serial_rivers_small_a, uniq_jessica
D:3:      layout_basic, nicolae_gozag_cash_rules_everything_around_me,
          ebering_ghost_inner_flame, minmay_surrounded
D:4:      layout_cave_pools, lemuel_doored_altar, uniq_blork_the_orc

Skill      XL: |  1  2  3 |
---------------+----------+-----
Conjurations   | 1 2 |  2.5
Earth Magic    | 4 |  4.8
Spellcasting   | 3 |  3.1
Dodging        | |  1.5
Stealth        | |  2.1
Transmutations | |  0.7

Action                   |  1- 3 |  4- 6 || total
-------------------------+-------+-------++-------
 Cast: Sandblast         |    31 |     6 ||    37
       Stone Arrow       |     1 |     1 ||     2
Armor: Robe              |     3 |       ||     3
Dodge: Dodged            |     5 |     2 ||     7

Table legend: (Time is in decaauts)
 A = Elapsed time spent in this place.
 B = Non-inter-level travel time spent in this place.
 C = Inter-level travel time spent in this place.
 D = Time resting spent in this place.
 E = Time spent auto-exploring this place.
 F = Levels seen in this place.
 G = Mean time per level.
                   A        B        C        D        E       F      G
               +--------+--------+--------+--------+--------+-----+--------+
         Total |   1486 |   1464 |     22 |    254 |   1053 |   4 |  371.5 |
       Dungeon |   1486 |   1464 |     22 |    254 |   1053 |   4 |  371.5 |
               +--------+--------+--------+--------+--------+-----+--------+

Top non-repeatable levels by time:
     D:1: 800 daAuts
     D:2: 332 daAuts
     D:3: 326 daAuts
     D:4: 27 daAuts
